 Dungeon Sprint DCSS version 0.17-a0-1805-g6093636 (webtiles) character file.

14 pipel the Charmwright (level 2, 0/39 HPs)
             Began as a Hill Orc Skald on Sept 12, 2015.
             Was an Initiate of Okawaru.
             Slain by a gnoll
             ... wielding a +0 spear
              (8 damage)
             ... in the Dungeon (Sprint VII: "The Pits").
             The game lasted 00:00:39 (84 turns).

pipel the Charmwright (Hill Orc Skald)                Turns: 84, Time: 00:00:41

Health: 0/39       AC:  3    Str: 19    XL:     2   Next: 45%
Magic:  3/5        EV: 11    Int: 12    God:    Okawaru [......]
Gold:   0          SH:  0    Dex: 10    Spells: 1 memorised, 4 levels left

rFire  . . .     SeeInvis .     t - +0 hand axe
rCold  . . .     Clarity  .     o - +0 leather armour
rNeg   . . .     SustAt   .     (no shield)
rPois  .         Gourm    .     (no helmet)
rElec  .         Spirit   .     (no cloak)
rCorr  .         Warding  .     (no gloves)
rMut   .         NoTele   +     (no boots)
MR     .....                    (no amulet)
Stlth  ..........               (no ring)
                                (no ring)

@: berserking, infused, very quick, not resistant to hostile enchantments,
extremely unstealthy
A: no striking features
a: Renounce Religion


You were in the Dungeon.
You worshipped Okawaru.
Okawaru was noncommittal.
You were not hungry.

You visited 1 branch

Inventory:

Hand weapons
 a - a +2 hand axe
 t - a +0 hand axe (weapon)
Missiles
 n - 10 stones (quivered)
Armour
 o - a +0 leather armour (worn)
Magical staves
 b - an uncursed staff of energy
Scrolls
 j - a scroll of blinking
 p - 3 scrolls of remove curse
 q - 5 scrolls of amnesia
 r - a scroll of summoning
 s - 2 scrolls of vulnerability
Potions
 e - a potion of curing
 f - a potion of heal wounds
 g - a potion of haste
 h - 4 potions of magic
 i - 2 potions of berserk rage
 m - 2 potions of invisibility
Books
 c - a book of Battle

   Spells                             Type                      Level
   a - Infusion                       Charms                       1
   b - Shroud of Golubria             Charms/Translocation         2
   c - Song of Slaying                Charms                       2
   d - Spectral Weapon                Hexes/Charms                 3
   e - Regeneration                   Charms/Necromancy            3
Comestibles
 d - 8 bread rations
 k - 40 fruits
 l - 7 meat rations


   Skills:
 + Level 3.1 Fighting
 + Level 3.5 Axes
 + Level 1.2 Armour
 + Level 0.7 Dodging
 + Level 2.3 Spellcasting
 + Level 4.0 Charms


You had 4 spell levels left.
You knew the following spells:

 Your Spells              Type           Power        Failure   Level  Hunger
a - Infusion              Chrm           ##....       8%          1    ##.....


Dungeon Overview and Level Annotations

Branches:
Dungeon (1/1)

Altars:
Ashenzari
Cheibriados
Dithmenos
Elyvilon
Fedhas
Gozag
Kikubaaqudgha
Makhleb
Nemelex Xobeh
Okawaru
Qazlal
Ru
Sif Muna
Trog
Vehumet
Xom
Yredelemnul
Zin
The Shining One
Beogh
Jiyva
Lugonu


Message History

The ufetubus hits you. The ufetubus barely misses you.
The gnoll hits you from afar with a spear.
* * * LOW HITPOINT WARNING * * *
Drink which item? (? for menu, Esc to quit)
A red film seems to cover your vision as you go berserk!
You feel yourself moving faster!
You feel mighty! The ufetubus closely misses you. The ufetubus misses you.
The gnoll completely misses you.
You hit the ufetubus.
The ufetubus is heavily wounded.
The ufetubus hits you.
* * * LOW HITPOINT WARNING * * *
The ufetubus closely misses you.
You hit the ufetubus!
You kill the ufetubus!
Okawaru accepts your kill.
Your Fighting skill increases to level 3!
Your Charms skill increases to level 4!
The gnoll hits you from afar with a spear!
You die...

############
#__________#
#__________#
#.#####'##############++
#_#)))'.'..##...........
#_#)).#.#..##......#..#
#######'#####..........
#........@..'...........
#+#####g#####......#..#.
#.. #........... +..
####'#####+ ###
#.......# #.......#
#.......# #...<...#
#.......#


You could see a gnoll.

Vanquished Creatures
  A river rat (D)
  An ufetubus (D)
2 creatures vanquished.

Notes
Turn   | Place    | Note
--------------------------------------------------------------
     0 | D        | pipel the Hill Orc Skald began the quest for the Orb.
     0 | D        | Reached XP level 1. HP: 18/18 MP: 3/3
    14 | D        | Reached skill level 3 in Axes
    14 | D        | Reached XP level 2. HP: 20/25 MP: 1/5
    41 | D        | Found a sacrificial altar of Ru.
    41 | D        | Found a basalt altar of Yredelemnul.
    41 | D        | Found a glowing golden altar of the Shining One.
    41 | D        | Found a deep blue altar of Sif Muna.
    41 | D        | Found a burning altar of Makhleb.
    41 | D        | Found an ancient bone altar of Kikubaaqudgha.
    41 | D        | Found a glowing silver altar of Zin.
    42 | D        | Found a shadowy altar of Dithmenos.
    42 | D        | Found a bloodstained altar of Trog.
    42 | D        | Found a shattered altar of Ashenzari.
    42 | D        | Found a white marble altar of Elyvilon.
    42 | D        | Found a snail-covered altar of Cheibriados.
    42 | D        | Found a blossoming altar of Fedhas.
    42 | D        | Found a radiant altar of Vehumet.
    42 | D        | Found a shimmering altar of Xom.
    42 | D        | Found a sparkling altar of Nemelex Xobeh.
    42 | D        | Found a corrupted altar of Lugonu.
    42 | D        | Found a viscous altar of Jiyva.
    42 | D        | Found a roughly hewn altar of Beogh.
    42 | D        | Found an iron altar of Okawaru.
    46 | D        | Found a stormy altar of Qazlal.
    47 | D        | Found an opulent altar of Gozag.
    49 | D        | Became a worshipper of Warmaster Okawaru
    84 | D        | Reached skill level 4 in Charms
    84 | D        | Slain by a gnoll

Vault maps used:
D:        pitsprint

Action                   || total
-------------------------++-------
Melee: Hand axe          ||    10
 Cast: Infusion          ||     2
  Use: Potion            ||     1
